 Dungeon Crawl Stone Soup version 0.17-a0-2055-gb4e23be (webtiles) character file.

3165 4thArraOfDagon the Covert (level 9, -3/52 HPs)
             Began as an Octopode Wanderer on Oct 11, 2015.
             Was a Priest of Dithmenos.
             Slain by a troll (11 damage)
             ... on level 10 of the Dungeon.
             The game lasted 00:26:27 (3910 turns).

4thArraOfDagon the Covert (Octopode Wanderer)       Turns: 3910, Time: 00:26:27

Health: -3/52      AC:  1    Str: 12    XL:     9   Next: 94%
Magic:  13/13      EV: 15    Int: 17    God:    Dithmenos [***...]
Gold:   450        SH:  0    Dex: 11    Spells: 2 memorised, 6 levels left

rFire  . . .     SeeInvis .     M - +0 dagger (speed)
rCold  + . .     Clarity  .     (no shield)
rNeg   . . .     SustAt   .     (helmet restricted)
rPois  .         Gourm    .     A - amulet of rage
rElec  .         Spirit   .     o - ring of stealth
rCorr  .         Warding  .     E - ring of flight
rMut   .         Stasis   .     G - ring of protection from cold
MR     .....                    (no ring)
Stlth  +++++++++.               (no ring)
                                (no ring)
                                (no ring)
                                (no ring)

@: exhausted, very slightly contaminated, hasted and slowed, wreathed by umbra,
not resistant to hostile enchantments, incredibly stealthy
A: almost no armour, amphibious, 8 rings, constrict 8, repulsion field 1,
camouflage 1, frail 1, gelatinous body 1, subdued magic 1
a: Shadow Step, Renounce Religion, Evoke Berserk Rage, Evoke Flight


You were on level 10 of the Dungeon.
You worshipped Dithmenos.
Dithmenos was most pleased with you.
You were very hungry.

You visited 1 branch of the dungeon, and saw 10 of its levels.

You collected 450 gold pieces.

Inventory:

Hand Weapons
 a - a +2 dagger
 d - a +0 falchion
 K - the +3 spear "Kilenu" {venom, rElec rF+ MP-9 Int-5, unknown}
   (You found it on level 9 of the Dungeon)

   It poisons the flesh of those it strikes.
   It affects your intelligence (-5).
   It protects you from fire.
   It insulates you from electricity.
   It affects your magic capacity (-9).
 M - a +0 dagger of speed (weapon)
Missiles
 q - 6 javelins of penetration (quivered)
Jewellery
 c - an uncursed amulet of the gourmand
 o - a ring of stealth (left tentacle)
 A - an amulet of rage (around mantle)
 E - a ring of flight (right tentacle)
 G - a ring of protection from cold (on tentacle)
Wands
 f - a wand of polymorph (5)
 r - a wand of frost (18)
 y - a wand of slowing (3)
 z - a wand of paralysis (0)
 J - a wand of magic darts (16)
 O - a wand of slowing (18)
 Q - a wand of lightning (7)
Scrolls
 g - a scroll of fog
 h - a scroll of acquirement {unknown}
 i - 2 scrolls of teleportation {unknown}
 l - a scroll of random uselessness {unknown}
 m - a scroll of amnesia {unknown}
 p - 2 scrolls of enchant weapon {unknown}
 u - 2 scrolls of enchant armour {unknown}
 v - a scroll of recharging {unknown}
 C - 2 scrolls of remove curse
 L - a scroll of magic mapping {unknown}
 R - a scroll of torment {unknown}
Potions
 j - a potion of magic {unknown}
 k - 2 potions of haste
 s - 2 potions of curing
 w - 2 potions of might
 x - 2 potions of brilliance
 D - a potion of berserk rage {unknown}
 I - 4 potions of poison {unknown}
Books
 F - a book of Geomancy

   Spells                             Type                      Level
   a - Sandblast                      Earth                        1
   b - Stoneskin                      Transmutation/Earth          2
   c - Passwall                       Transmutation/Earth          3
   d - Stone Arrow                    Conjuration/Earth            3
   e - Petrify                        Transmutation/Earth          4
   f - Lee's Rapid Deconstruction     Earth                        5
Miscellaneous
 H - an ornate deck of summoning {drawn: 1}
Comestibles
 e - 4 bread rations
 n - 39 fruits
 t - 5 meat rations
 B - a beef jerky
 N - a royal jelly
 P - 4 chunks of flesh


   Skills:
 + Level 4.0 Fighting
 * Level 6.2(6.6) Short Blades
 - Level 3.1(5.1) Long Blades
 - Level 1.0 Throwing
 + Level 4.5 Dodging
 * Level 10.3 Stealth
 - Level 1.9 Spellcasting
   Level 2.0 Necromancy
 + Level 5.5 Invocations
 * Level 4.7 Evocations


You had 6 spell levels left.
You knew the following spells:

 Your Spells              Type           Power        Failure   Level  Hunger
a - Stoneskin             Trmt/Erth      #.......     21%         2    ###....
b - Passwall              Trmt/Erth      #.........   58%         3    ###....


Dungeon Overview and Level Annotations

Branches:
Dungeon (10/15)            Temple (0/1) D:6
   Lair: D:8-11         Orc: D:9-12

Altars:
Cheibriados
Dithmenos
Elyvilon
Qazlal
Trog
Vehumet
Xom
Yredelemnul

Annotations:
D:5 Eustachio
D:6 radek's ghost, novice OgBe
D:7 Pikel; Prince Ribbit
D:10 Harold


Innate Abilities, Weirdness & Mutations

You cannot wear most types of armour.
You are amphibious.
You can wear up to eight rings at the same time.
You can use your tentacles to constrict eight enemies at once.
Your skin changes colour to match your surroundings (Stealth).
Your rubbery body absorbs attacks (AC +1).
You are surrounded by a mild repulsion field (EV +2).
You are frail (-10% HP).
Your spells are a little easier to cast, but a little less powerful.


Message History

Unknown command.
Evoke which item? (* to show all) (? for menu, Esc to quit)
Zapping:
Q - a wand of lightning {zapped: 2} (will waste charges)
Press: ? - help, Shift-Dir - straight line, p - troll
Okay, then.
Unknown command.
Read which item? (? for menu, Esc to quit)
Okay, then.
Use which ability?
Okay, then.
Drink which item? (? for menu, Esc to quit)
Okay, then.
Drink which item? (? for menu, Esc to quit)
You feel yourself speed up.
Unknown command.
You are feeling very hungry.
Things that are here:
a hand axe; a robe; an orc skeleton The troll misses you.
The troll claws you!
You die...

.... #.###.. .... ....####
.....###.... ... .....#
####.........## #.# #...#
#.............# #.#
##...#######.... #.........# #.#
#......#.....# #.........# #.#
##.......##### #.........# #.#
#....[......#######.......##
#.####<..#.#.###@T.......>###.##
......####...#########........#
#..##....[#...## ###.#####.##
##.######.#.#..# #...# #..###
#<# #...##.# #.### #..... #.#
####....#.## #.# #.####
#.###....##....# ##.# #.#
#..##.#######..###..# #.#
##.....# ##..##.## ...


You could see a troll.

Vanquished Creatures
  Urug (D:10)
  A wyvern (D:9)
  Menkaure (D:5)
  A black bear (D:9)
  2 necrophages
  3 water moccasins (D:6)
  2 centaurs
  2 sky beasts
  A big kobold (D:8)
  2 giant frogs
  2 crimson imps (D:9)
  11 orc wizards
  2 quasits
  2 giant frog skeletons
  5 orc priests
  A hound (D:6)
  A jelly (D:5)
  2 iguanas
  A gnoll shaman (D:5)
  5 worker ants
  2 hound skeletons (D:10)
  2 worker ant zombies
  5 gnolls (D:5)
  5 adders
  A shadow imp (D:6)
  An ooze (D:4)
  3 adder skeletons
  A giant gecko (D:6)
  28 orcs
  A ball python (D:2)
  A giant cockroach (D:2)
  2 hobgoblins (D:2)
  4 jackals (D:5)
  4 kobolds
  4 giant newts
  A goblin (D:2)
  A jackal skeleton (D:4)
  A quokka skeleton (D:4)
  6 rats
121 creatures vanquished.

Vanquished Creatures (collateral kills)
  An ice beast (D:8)
1 creature vanquished.

Grand Total: 122 creatures vanquished

Notes
Turn   | Place    | Note
--------------------------------------------------------------
     0 | D:1      | 4thArraOfDagon the Octopode Wanderer began the quest for the Orb.
     0 | D:1      | 4thArraOfDagon set off with: a +2 dagger, a scroll of blinking, a potion of lignification, a +0 falchion, a bread ration
     0 | D:1      | Reached XP level 1. HP: 11/11 MP: 2/2
    56 | D:2      | Found a shimmering altar of Xom.
   110 | D:2      | Found a shadowy altar of Dithmenos.
   114 | D:2      | Reached XP level 2. HP: 17/17 MP: 4/4
   125 | D:2      | Became a worshipper of Dithmenos the Shadowed
   194 | D:2      | Reached XP level 3. HP: 21/21 MP: 5/5
   244 | D:3      | Found a stormy altar of Qazlal.
   384 | D:4      | Noticed a giant frog
   388 | D:4      | Killed a giant frog
   388 | D:4      | Reached skill level 1 in Invocations
   388 | D:4      | Reached XP level 4. HP: 7/27 MP: 6/6
   735 | D:4      | Found a radiant altar of Vehumet.
   823 | D:5      | Entered Level 5 of the Dungeon
   840 | D:5      | Reached XP level 5. HP: 31/31 MP: 7/7
   850 | D:5      | Noticed Menkaure
   885 | D:5      | Killed Menkaure
   885 | D:5      | Reached skill level 1 in Short Blades
   885 | D:5      | Reached skill level 5 in Stealth
   885 | D:5      | Reached XP level 6. HP: 5/36 MP: 8/8
  1234 | D:4      | Found a snail-covered altar of Cheibriados.
  1416 | D:5      | Reached skill level 6 in Stealth
  1459 | D:5      | Noticed a sky beast
  1462 | D:5      | Killed a sky beast
  1462 | D:5      | Reached skill level 1 in Fighting
  1462 | D:5      | Reached XP level 7. HP: 28/43 MP: 9/9
  1478 | D:5      | Gained mutation: Your magical capacity is low (-10% MP). [mutagenic meat]
  1479 | D:5      | Lost mutation: Your magical capacity is low (-10% MP). [mutagenic meat]
  1480 | D:5      | Gained mutation: You are surrounded by a mild repulsion field (EV +2). [mutagenic meat]
  1482 | D:5      | Gained mutation: Your spells are a little easier to cast, but a little less powerful. [mutagenic meat]
  1483 | D:5      | Gained mutation: You are frail (-10% HP). [mutagenic meat]
  1620 | D:5      | Noticed an ice beast
  1794 | D:5      | Noticed Eustachio
  2002 | D:6      | Reached skill level 7 in Stealth
  2009 | D:6      | Found a staircase to the Ecumenical Temple.
  2051 | D:6      | Reached XP level 8. HP: 25/45 MP: 10/10
  2181 | D:7      | Noticed Prince Ribbit
  2221 | D:6      | Noticed radek's ghost (novice OgBe)
  2429 | D:6      | Acquired Dithmenos's first power
  2429 | D:6      | Reached skill level 8 in Stealth
  2489 | D:6      | Reached skill level 1 in Evocations
  2585 | D:7      | Noticed Pikel
  2708 | D:8      | Learned a level 2 spell: Stoneskin
  2712 | D:8      | Learned a level 3 spell: Passwall
  2879 | D:8      | Reached skill level 5 in Short Blades
  2953 | D:9      | Got an ebony spear
  3001 | D:9      | Reached XP level 9. HP: 51/51 MP: 12/12
  3024 | D:9      | Found a bloodstained altar of Trog.
  3110 | D:8      | Reached skill level 9 in Stealth
  3228 | D:9      | Reached skill level 5 in Invocations
  3246 | D:9      | Found a white marble altar of Elyvilon.
  3325 | D:8      | Found a basalt altar of Yredelemnul.
  3582 | D:10     | Entered Level 10 of the Dungeon
  3587 | D:10     | Noticed Urug
  3598 | D:10     | Killed Urug
  3598 | D:10     | Reached skill level 10 in Stealth
  3680 | D:10     | Acquired Dithmenos's second power
  3744 | D:10     | Noticed Harold
  3910 | D:10     | Slain by a troll

Vault maps used:
D:1:      minmay_arrival_floating_metal
D:2:      lemuel_doored_altar, grunt_dithmenos_smoke_and_mirrors, moated_statue
D:3:      lemuel_upstairs_altar, nicolae_overflow_crystal_walls
D:4:      vehumet_altar_wand_db, lemuel_round_altar
D:5:      first_bread, uniq_eustachio, uniq_menkaure
D:6:      minmay_temple_entry_glassed_door, dk_vineyard_3
D:7:      lemuel_ice_spiral_2, basic_altar, nemelex_dance_club_becter,
          uniq_joseph, uniq_pikel, uniq_prince_ribbit1
D:8:      yredelemnul_altar_generic, blue_anna_alchemist, amalloy_card_club
D:9:      old_standard_altar, david_lair_shrubbed, basic_altar
D:10:     uniq_harold, uniq_urug

Action                   |  1- 3 |  4- 6 |  7- 9 || total
-------------------------+-------+-------+-------++-------
Melee: Dagger            |    22 |    70 |   196 ||   288
       Falchion          |     2 |       |       ||     2
       Unarmed           |       |     7 |       ||     7
Throw: Javelin           |       |    17 |    28 ||    45
 Abil: Evoke Berserk Rag |       |       |     2 ||     2
       Evoke Flight      |       |       |     1 ||     1
Evoke: Wand              |       |       |     9 ||     9
       Deck              |       |       |     1 ||     1
  Use: Potion            |     3 |     2 |     5 ||    10
       Scroll            |       |     2 |     7 ||     9
 Stab: Sleeping          |    11 |     9 |    27 ||    47
       Paralysed         |       |       |     2 ||     2
       Distracted        |       |       |     1 ||     1
  Eat: Chunk             |       |     2 |    15 ||    17
       Fruit             |       |       |     1 ||     1
